[Event "Turkish-ch Youth U17 2024"]
[Site "Belek Antalya"]
[Date "2024.01.25"]
[Round "7"]
[White "Kilic, Eray"]
[Black "Eroz, Enis"]
[Result "1-0"]
[ECO "A27"]
[WhiteElo "2452"]
[BlackElo "1840"]
[Annotator "TA"]
[PlyCount "109"]
[EventDate "2024.01.21"]
[EventType "swiss"]
[EventCountry "TUR"]
[SourceTitle "playchess.com"]
[Source "ChessBase"]
[SourceQuality "1"]
[TimeControl "5400+30"]

1. c4 e5 2. Nc3 Nc6 3. Nf3 g6 4. d4 exd4 5. Nd5 Bg7 6. Bg5 Nce7 7. Nxd4 c6 8. Nc3 h6 9. Bf4 d5 10. e3 {[%emt 0:01:30] The position is equal.} Nf6 11. Be2 {[%emt 0:04:30] Inhibits Nh5.} O-O 12. c5 Nf5 13. O-O Re8 14. Bd3 Nxd4 15. exd4 Nh5 16. Be3 Qh4 17. g3 Qh3 {[%emt 0:09:30][%cal Oh5g3] [#] Hoping for ...Nxg3!} 18. Re1 Nf6 19. f3 {[%emt 0:01:30] Inhibits Ng4.} Nh7 {[%emt 0:09:07][%cal Oe8e3] Threatens to win with ...Rxe3!} 20. Qd2 Bd7 21. Bf1 Qf5 22. Bg2 Ng5 23. Rf1 Nh3+ 24. Kh1 h5 25. Rae1 Re7 26. b4 Rae8 27. Re2 Kh7 28. f4 Bf6 29. Bf3 Bc8 30. b5 Kg7 31. a4 g5 (31... a6 $15) 32. fxg5 $11 Bxg5 33. Bxg5 Nxg5 (33... Qxg5 {simplifies} 34. Qxg5+ Nxg5 35. Bxh5 Kh6) 34. Bg2 Qg6 35. Rxe7 Rxe7 36. Qf4 Re8 37. a5 a6 $1 38. bxa6 bxa6 39. h4 Ne6 40. Qf2 f5 $2 {[%emt 0:00:30] Black cannot hold the game after this.} 41. Ne2 $1 $18 (41. Qxf5 Qxf5 42. Rxf5 Nxd4 43. Rxh5 Re1+ 44. Kh2 Rc1 45. Nxd5 Rc2 (45... cxd5 46. Rxd5 Nf5 47. c6 $17) 46. Rg5+ Kh6 $19) 41... Qg4 42. Bf3 $36 {[%emt 0:00:00][%mdl 2048] Keeping Black busy.} Qg6 (42... Qh3+ $142 43. Kg1 f4 44. Bxh5 (44. gxf4 Kh7 $11) 44... Rf8) 43. Nf4 Nxf4 44. gxf4 {[%emt 0:00:30] Strongly threatening Rg1.} Qf6 45. Rg1+ (45. Bxh5 Re4 46. Rg1+ Kf8 $16) 45... Kf8 46. Kh2 Be6 47. Bxh5 Re7 48. Rg6 Qh8 49. Bf3 {[%emt 0:00:30] And now h5 would win.} Kf7 $2 (49... Bd7 50. h5 Be8) 50. h5 Re8 51. Qg1 {[%emt 0:00:54] aiming for h6.} Rb8 52. h6 {[%emt 0:00:51] Rg7+ would kill now.} Rb2+ 53. Kh3 {[%emt 0:00:00] White mates.} Rb3 54. Rg7+ (54. Qg3 Rxf3 (54... Qxd4 $2 {too greedy.} 55. Rg7+ Kf8 56. Ra7 $18) 55. Qxf3 Kxg6 $19) 54... Kf8 {[%emt 0:00:30] [#]} 55. Qg5 $1 {[%emt 0:00:00] Weighted Error Value: White=0.06 (flawless) /Black=0.35.  Loses game:     	---       	Black=1      Mistake:       	---       	Black=3      Inaccurate:     	White=6     	Black=5      OK:         	White=24    	Black=18     Best:        	White=1     	---        Strong:       	---       	Black=1} 1-0

[Event "Turkish-ch Youth U17 2024"]
[Site "Belek Antalya"]
[Date "2024.01.25"]
[Round "7"]
[White "Atis, Hasan"]
[Black "Atik, Muhammed Ihsan"]
[Result "1/2-1/2"]
[ECO "B45"]
[WhiteElo "2104"]
[BlackElo "1626"]
[Annotator "NA RC"]
[PlyCount "138"]
[EventDate "2024.01.21"]
[EventType "swiss"]
[EventCountry "TUR"]
[SourceTitle "playchess.com"]
[Source "ChessBase"]
[SourceQuality "1"]
[TimeControl "5400+30"]

1. e4 c5 2. Nf3 e6 3. d4 cxd4 4. Nxd4 Nf6 5. Nc3 Nc6 6. a3 Qa5 7. Nb3 Qc7 8. Qf3 a6 9. Be2 b5 10. Bf4 Bd6 (10... d6 $11 {might be stronger.}) 11. Bxd6 Qxd6 12. Rd1 Qc7 13. Qg3 Qxg3 14. hxg3 Ke7 $14 15. f4 d6 16. g4 Bb7 17. g5 Nd7 18. Kd2 Nc5 19. Kc1 Nxb3+ 20. cxb3 Rad8 21. b4 e5 22. f5 Nd4 23. Rde1 h6 24. gxh6 Rxh6 25. Rxh6 gxh6 26. Bd1 Rc8 27. Kd2 Rg8 28. g4 Kf6 29. Rh1 Kg7 30. Ke3 f6 31. Kf2 Rd8 32. Bf3 Rc8 33. Rd1 Kf7 34. Be2 Ke7 35. Rd3 Kf7 36. Bd1 Bc6 37. Rh3 Kg7 38. Rd3 Bb7 39. Ke3 Kf7 40. Ne2 Nxe2 41. Bxe2 Ke7 42. Rd1 Rc2 43. Bf3 Rxb2 44. Rh1 Rb3+ 45. Kf2 d5 46. Rxh6 dxe4 47. Rh7+ Kd6 48. Bd1 Rb1 49. Bc2 Rb2 50. Rxb7 Rxc2+ 51. Ke3 Rg2 52. Rg7 Kd5 53. Rd7+ Kc4 54. Rg7 Kb3 55. g5 fxg5 56. f6 Rg4 57. Ra7 Kxa3 58. Rxa6+ Kxb4 59. Ra2 Rh4 60. Rf2 Rh8 61. Kxe4 Kc3 62. Rf3+ Kc2 63. Kd5 b4 64. f7 b3 65. Rf2+ Kc1 66. Rf1+ Kc2 67. Rf2+ Kc1 68. Rf1+ Kc2 69. Rf2+ Kc1 1/2-1/2

[Event "Turkish-ch Youth U17 2024"]
[Site "Belek Antalya"]
[Date "2024.01.25"]
[Round "7"]
[White "Saridag, Omer Melih"]
[Black "Tektas, Onur Efe"]
[Result "1-0"]
[ECO "E04"]
[WhiteElo "2002"]
[BlackElo "1548"]
[Annotator "NA RC"]
[PlyCount "69"]
[EventDate "2024.01.21"]
[EventType "swiss"]
[EventCountry "TUR"]
[SourceTitle "playchess.com"]
[Source "ChessBase"]
[SourceQuality "1"]
[TimeControl "5400+30"]

1. d4 Nf6 2. c4 e6 3. Nf3 d5 4. g3 dxc4 5. Bg2 c5 6. Qa4+ Bd7 7. Qxc4 Nc6 8. O-O b5 9. Qd3 Qb6 10. dxc5 Bxc5 11. a3 b4 12. Nbd2 O-O 13. Nb3 Rac8 14. Bg5 $11 ({White should play} 14. Nxc5 $14 Qxc5 15. Be3) 14... Be7 15. a4 Rfd8 16. a5 Qb8 17. Rac1 e5 18. Qa6 Be6 19. Rxc6 Rxc6 20. Qxc6 Bxb3 21. Rc1 Be6 22. Qa4 Bd7 23. Qc2 Qb5 24. Bxf6 Bxf6 25. Qc7 Qxe2 26. Qxa7 Bg4 27. Qe3 Qxb2 28. Re1 h6 29. a6 Qc3 30. a7 Qxe3 31. Rxe3 Ra8 32. Nxe5 Rxa7 33. Nxg4 Ra1+ 34. Bf1 Bc3 35. Kg2 1-0

[Event "Turkish-ch Youth U17 2024"]
[Site "Belek Antalya"]
[Date "2024.01.25"]
[Round "7"]
[White "Buyuk, Ecrin Efsa"]
[Black "Mustu, Hatice Asli"]
[Result "1-0"]
[ECO "B25"]
[WhiteElo "1976"]
[BlackElo "1841"]
[Annotator "NA RC"]
[PlyCount "131"]
[EventDate "2024.01.21"]
[EventType "swiss"]
[EventCountry "TUR"]
[SourceTitle "playchess.com"]
[Source "ChessBase"]
[SourceQuality "1"]
[TimeControl "5400+30"]

1. e4 c5 2. Nc3 Nc6 3. Nge2 g6 4. g3 Bg7 5. Bg2 d6 6. O-O e5 7. d3 Nge7 8. Be3 O-O 9. f4 Nd4 10. h3 f5 11. Kh2 Rb8 $15 12. Rb1 Be6 13. a3 b6 14. Nd5 Nxe2 15. Qxe2 Nxd5 16. exd5 Bd7 17. Qd2 Qc7 18. c4 b5 19. b4 cxb4 20. axb4 bxc4 21. dxc4 e4 22. c5 Bb5 23. Rfc1 Rfc8 24. cxd6 Qd7 25. Rxc8+ Rxc8 26. Rc1 Rxc1 27. Qxc1 Bf8 28. Qa3 a6 29. Bd4 Qxd6 30. Qa2 Qxb4 31. d6+ Bc4 32. d7 Bxa2 33. d8=Q Qd6 34. Qa5 Bc4 35. Bb2 Qe6 36. Qc3 Kf7 37. Qh8 h5 38. Be5 Bb5 39. g4 hxg4 40. hxg4 Ke8 41. gxf5 gxf5 42. Bh3 Qf7 43. Bd4 Qa2+ 44. Kg3 Qa3+ 45. Kh2 Bd7 46. Qh5+ Kd8 47. Bf6+ Kc8 48. Bxf5 Qa2+ 49. Kh3 Qb3+ 50. Kh4 Kc7 51. Bxd7 Kxd7 52. Qh7+ Kc6 53. Qxe4+ Kc7 54. Qe8 Bb4 55. Bd8+ Kd6 56. Qe7+ Kc6 57. Qe8+ Kc5 58. Be7+ Kd4 59. Qd8+ Ke4 60. Qa8+ Kd4 61. Qa7+ Kc4 62. Qxa6+ Kc3 63. Qc6+ Kb2 64. Bf6+ Ka2 65. Qa6+ Ba3 66. Be7 1-0

[Event "Turkish-ch Youth U17 2024"]
[Site "Belek Antalya"]
[Date "2024.01.25"]
[Round "7"]
[White "Portakalci, Yusuf"]
[Black "Tarhan, Adar"]
[Result "0-1"]
[ECO "D02"]
[WhiteElo "1951"]
[BlackElo "2420"]
[Annotator "RC"]
[PlyCount "154"]
[EventDate "2024.01.21"]
[EventType "swiss"]
[EventCountry "TUR"]
[SourceTitle "playchess.com"]
[Source "ChessBase"]
[SourceQuality "1"]
[TimeControl "5400+30"]

1. d4 Nf6 2. Bf4 d5 3. Nf3 c5 4. e3 Nc6 5. Nbd2 cxd4 6. exd4 Qb6 7. Nb3 Bg4 8. Be2 e6 9. O-O Nh5 10. Be3 Bd6 11. Ne5 Bxe2 12. Qxe2 Nf6 13. c3 Qc7 14. Bf4 Nd7 15. Rfe1 Ndxe5 16. dxe5 Be7 17. Rac1 a6 18. Bg3 O-O 19. f4 g6 20. Qg4 a5 21. Kh1 Qb6 22. Rb1 Qb5 23. Re3 a4 24. Nd2 Bc5 25. Ree1 Ne7 26. a3 Nf5 27. Qf3 Rfd8 28. Bf2 h5 29. Red1 Kg7 30. h3 Rac8 31. Kh2 Bxf2 32. Qxf2 d4 33. Ne4 d3 34. Rd2 Rc4 35. Ng3 Nxg3 36. Qxg3 Rxc3 37. Rbd1 Rb3 38. Qg5 Qd7 39. Re1 Qd4 40. Rc1 Rf8 41. Qf6+ Kg8 42. Rc7 Qe3 43. Rd1 Rxb2 44. Rd7 Rxg2+ 45. Kxg2 Qe2+ 46. Kg3 Qxd1 47. Kh4 Qg1 48. Rxd3 Kh7 49. Qe7 Kg7 50. Qf6+ Kh6 51. Qg5+ Qxg5+ 52. fxg5+ Kg7 53. Rd7 b5 54. Rb7 Rc8 55. Rxb5 Rc4+ 56. Kg3 Rc3+ 57. Kg2 Rxa3 58. h4 Re3 59. Ra5 a3 60. Kh2 Re2+ 61. Kg3 a2 62. Kf3 Rh2 63. Kg3 Rb2 64. Kh3 Kf8 65. Ra7 Ke8 66. Kg3 Kd8 67. Kf3 Kc8 68. Ke3 Kb8 69. Ra3 Kb7 70. Kd3 Kc6 71. Kc4 Rh2 72. Ra6+ Kb7 73. Ra3 Kb6 74. Ra8 Rxh4+ 75. Kb3 Rh2 76. Kb4 h4 77. Ra3 h3 0-1

[Event "Turkish-ch Youth U17 2024"]
[Site "Belek Antalya"]
[Date "2024.01.25"]
[Round "7"]
[White "Orhon, Bora"]
[Black "Aydemir, Umut"]
[Result "1-0"]
[ECO "C47"]
[WhiteElo "1937"]
[BlackElo "1953"]
[Annotator "TA"]
[PlyCount "97"]
[EventDate "2024.01.21"]
[EventType "swiss"]
[EventCountry "TUR"]
[SourceTitle "playchess.com"]
[Source "ChessBase"]
[SourceQuality "1"]
[TimeControl "5400+30"]

1. e4 e5 2. Nf3 Nc6 3. Nc3 Nf6 4. h3 Bb4 5. Bd3 O-O 6. O-O h6 7. Re1 Bc5 8. a3 {[%emt 0:07:30] The position is equal.} a6 9. b4 Ba7 10. Bc4 d6 11. d3 Be6 12. Nd5 Bxd5 13. Bxd5 Nxd5 14. exd5 Ne7 15. c4 Nf5 16. Bb2 Re8 17. Rc1 Qd7 18. Qd2 Rad8 19. Re2 Ng3 20. Ree1 Nf5 (20... Nh5 $15) 21. c5 (21. Re2 $11 {remains equal.}) 21... dxc5 22. Nxe5 Qxd5 23. Qf4 {[%emt 0:00:29] Repels Nh4} Nd6 24. Qg4 {[%emt 0:03:35][%cal Oe5c6] aiming for Nc6!} Qe6 (24... cxb4 25. Nc6 g5 (25... Rxe1+ $2 26. Rxe1 Qg5 27. Qxg5 $18) 26. Nxd8 (26. Nxa7 bxa3 27. Bxa3 Qxd3 $16) 26... Rxe1+ 27. Rxe1 $18) (24... h5 $1 $17 25. Qxh5 f6) 25. Qf3 (25. bxc5 $11 {and White has nothing to worry.} Qxg4 26. hxg4) 25... cxb4 $19 26. axb4 c6 27. Ng4 (27. Qd1 $142) 27... Qxe1+ 28. Rxe1 Rxe1+ 29. Kh2 Bb8 $2 ({Better is} 29... Re6 $19 {...Ne8 would now be deadly.} 30. Ne3 Bb8) 30. g3 $2 (30. Be5 $1 $15) 30... Re6 $1 31. h4 Nb5 32. Ne3 Be5 (32... Rxd3 33. Qg4 g6 34. h5 $11) 33. Bxe5 Rxe5 34. Qf4 {[%emt 0:00:42] [#]} Nd4 $1 35. Kg2 (35. Qxe5 $2 {loses.} Nf3+ 36. Kh3 Nxe5 $19) (35. Kh3 Rb5) 35... Re7 36. h5 Ne6 37. Qg4 Kh7 (37... Rxd3 38. Nf5 Red7 39. Nxh6+ Kh8 40. Nxf7+ Rxf7 41. Qxe6 $17) 38. Qe4+ {[%emt 0:00:59] [#]} Kh8 $1 39. Nf5 Red7 40. Qe5 Rd5 (40... Rxd3 41. Nxh6 R8d7 42. f4 $11 (42. Nxf7+ Rxf7 43. Qxe6 Rdf3 $15)) 41. Qe4 Rxd3 42. Ne7 R8d7 $2 (42... R3d7 $19 43. Nf5 Rd5) 43. Qf5 $17 Ng5 44. Qe5 {[%emt 0:00:13][%cal Oe7g6] [#] And now Ng6+! would win.} Ne6 (44... Rd8 $1 $17 {White must now prevent ...Rd1.} 45. Nf5 f6) 45. Qf5 $1 $11 {[%emt 0:00:56] The board is on fire.} Nd8 46. Qe5 {[%emt 0:00:04][%cal Oe7g6] Ng6+! would kill now.} Rd1 $2 {[%emt 0:08:19][%mdl 8192] [#]} (46... Ne6 $11 47. Qf5) 47. Ng6+ $1 {[%emt 0:00:06][%mdl 512] White mates.} fxg6 (47... Kh7 48. Qe8) 48. Qe8+ Kh7 49. hxg6# {[%emt 0:00:30] Weighted Error Value: White=0.24 (precise) /Black=0.39.  Loses game:     	White=2     	Black=1      Missed win:     	---       	Black=2      Mistake:       	White=2     	Black=3      Inaccurate:     	White=1     	Black=1      OK:         	White=12    	Black=21     Best:        	White=3     	Black=1      Strong:       	White=1     	Black=2      Brilliant:      	White=1     	---} 1-0

[Event "Turkish-ch Youth U17 2024"]
[Site "Belek Antalya"]
[Date "2024.01.25"]
[Round "7"]
[White "Akat, Elifnaz"]
[Black "Sozat, Beren"]
[Result "1-0"]
[ECO "C54"]
[WhiteElo "1849"]
[BlackElo "1103"]
[Annotator "NA RC COMBH"]
[PlyCount "73"]
[EventDate "2024.01.21"]
[EventType "swiss"]
[EventCountry "TUR"]
[SourceTitle "playchess.com"]
[Source "ChessBase"]
[SourceQuality "1"]
[TimeControl "5400+30"]

1. e4 e5 2. Nf3 Nc6 3. Bc4 Bc5 4. d3 h6 5. c3 d6 6. a4 a6 7. O-O Nf6 8. a5 {[%emt 0:00:30] C54: Italienische Partie (Hauptvariante).} O-O 9. Nbd2 Ne7 10. d4 exd4 11. cxd4 Ba7 12. Qc2 Be6 13. e5 dxe5 14. dxe5 Nfd5 15. Rd1 Qc8 16. Ne4 Kh8 17. Qb3 Rd8 18. Bd2 Bg4 19. Rac1 $11 Bxf3 20. Qxf3 Qf5 21. Qxf5 Nxf5 22. Bg5 hxg5 23. Rxd5 Rxd5 24. Bxd5 c6 25. Bxf7 Bd4 26. e6 Ne7 27. Nxg5 Rb8 28. Rd1 Bxb2 29. Rd3 Nf5 30. Bg6 Ne7 31. Rh3+ Kg8 32. Bf7+ Kf8 33. Rh8+ Ng8 34. Rxg8+ Ke7 35. Rxb8 Ba3 36. Ne4 c5 37. Re8# 1-0

[Event "Turkish-ch Youth U17 2024"]
[Site "Belek Antalya"]
[Date "2024.01.25"]
[Round "7"]
[White "Gursu, Sungur"]
[Black "Sezis, Doruk"]
[Result "0-1"]
[ECO "D02"]
[WhiteElo "1783"]
[BlackElo "2001"]
[Annotator "TA"]
[PlyCount "102"]
[EventDate "2024.01.21"]
[EventType "swiss"]
[EventCountry "TUR"]
[SourceTitle "playchess.com"]
[Source "ChessBase"]
[SourceQuality "1"]
[TimeControl "5400+30"]

1. d4 Nf6 2. Bf4 d5 3. e3 c5 4. Nf3 Nc6 5. c3 Qb6 6. Qb3 c4 7. Qc2 Bf5 8. Qc1 e6 {[%emt 0:00:30] White is weak on the light squares} 9. h4 Be7 10. Nbd2 O-O 11. Be2 {[%emt 0:06:30] Black is slightly better.} h6 12. Ne5 Nxe5 13. Bxe5 Rfc8 14. Bxf6 Bxf6 15. g4 Bh7 16. f4 Be7 17. g5 f6 (17... e5 $15 18. fxe5 hxg5) 18. Nf3 (18. Bh5 $11 Bd3 (18... hxg5 19. hxg5 fxg5 20. Nf3 $15) 19. Nf3) 18... Be4 $15 19. Rg1 hxg5 {[%emt 0:08:30] Black is much more active.} 20. hxg5 Kf7 ({Black should try} 20... fxg5 $15 21. Qd2 (21. Nxg5 Bxg5 22. Rxg5 Kf7 $17) 21... gxf4 22. exf4 Rc6) 21. Nd2 {[%emt 0:03:38] [#] Hoping for Nxe4.} Bg6 22. gxf6 gxf6 23. e4 {[%emt 0:02:13][%cal Of4f5] f5! is the strong threat.} Rh8 {[%emt 0:03:02] [#]} (23... Bxe4 $2 24. Bh5+ $18) (23... dxe4 $2 24. f5 exf5 (24... Bxf5 $2 25. Bh5+ $18) 25. Nxc4 $18) 24. f5 $1 exf5 25. exd5 (25. Nxc4 {is more complex.} Qc7 26. Ne3 Qh2 27. Kd2) 25... Qd6 (25... Qc7 $11 26. Qc2 Qh2) 26. Qc2 ({White has to play} 26. Nxc4 $16 Qxd5 27. Qf4) 26... b5 $11 (26... Qxd5 $2 27. Bxc4 $18 (27. Nxc4 Rh6 $16) (27. Nxc4 Rh6 $16)) 27. O-O-O {[%emt 0:01:04] Strongly threatening a4.} Rag8 $1 (27... Qxd5 28. Bf3 Qd7 29. Rxg6 (29. Bxa8 Rxa8 30. Nf3 Rh8 $18) 29... Kxg6 30. Bxa8 Rxa8 31. Nxc4 $18) 28. Bf3 (28. Rde1 $11) 28... Rh2 29. Rde1 Bf8 {[%emt 0:04:34] aiming for ...Bh6. Chess con chili.} 30. Rxg6 {[%emt 0:01:27][%mdl 8192] This costs White the game.} Rxg6 31. Qxf5 {[%emt 0:00:18] And now Ne4 would win.} Bh6 32. Re2 Rxe2 33. Bxe2 Kg7 $40 {[%emt 0:00:39][%mdl 128] Black goes for the king.} 34. Kc2 (34. Kd1 $142) 34... Qf4 $19 35. Qxf4 Bxf4 {[%emt 0:00:30][%mdl 4096] Endgame. KRB-KBN} 36. Bf3 {[%emt 0:00:00] Against Rg2} Rg3 37. Be2 $2 (37. d6 Bxd6 38. Bd5) 37... Rg2 38. Kd1 Bxd2 39. Kxd2 {[%emt 0:00:30] KR-KB} Kf7 40. b3 cxb3 {[%emt 0:00:30] Black mates.} 41. axb3 a5 42. Ke3 a4 43. Bh5+ Ke7 44. bxa4 bxa4 45. d6+ Kxd6 46. Bf7 a3 47. c4 a2 48. c5+ Kc7 49. Bxa2 Rxa2 50. Ke4 Kc6 51. Kf5 Rd2 {[%emt 0:00:03] Weighted Error Value: White=0.49/Black=0.13 (very precise) .  Loses game:     	White=1     	---        Mistake:       	White=5     	Black=3      Inaccurate:     	White=1     	Black=1      OK:         	White=6     	Black=12     Best:        	White=2     	Black=2      Strong:       	---       	Black=1} 0-1

[Event "Turkish-ch Youth U17 2024"]
[Site "Belek Antalya"]
[Date "2024.01.25"]
[Round "7"]
[White "Dirican, Feride"]
[Black "Alagoz, Zumra Meryem"]
[Result "0-1"]
[ECO "B22"]
[WhiteElo "1492"]
[BlackElo "1706"]
[Annotator "NA RC COMBH"]
[PlyCount "128"]
[EventDate "2024.01.21"]
[EventType "swiss"]
[EventCountry "TUR"]
[SourceTitle "playchess.com"]
[Source "ChessBase"]
[SourceQuality "1"]
[TimeControl "5400+30"]

1. e4 c5 2. Nf3 e6 3. c3 Nf6 4. e5 Nd5 5. d4 cxd4 6. cxd4 d6 7. Nc3 Nxc3 8. bxc3 Qc7 9. Bd2 Nc6 10. exd6 Bxd6 11. Bd3 e5 12. dxe5 Nxe5 13. Bb5+ Bd7 14. Bxd7+ Qxd7 15. Nxe5 Bxe5 16. O-O O-O 17. Qc2 Rac8 18. Rab1 Rc6 19. Rfe1 Qc7 20. h3 b6 21. Re3 g6 22. Rbe1 Bf6 23. Qc1 Qd7 24. Rf3 Rfc8 25. Ree3 Rd6 26. Re1 Rxd2 27. Rxf6 Kg7 28. Rf3 Rc6 29. Qa3 Rc5 30. c4 Rc7 31. Qe3 Qd4 32. Qe8 Rd1 33. Rxd1 Qxd1+ 34. Kh2 Qd6+ 35. g3 Re7 36. Qa4 h5 37. Qa3 Qxa3 38. Rxa3 Kf6 39. Kg2 Rc7 40. Kf3 Ke5 41. Ke3 g5 42. f4+ gxf4+ 43. gxf4+ Kf5 44. Ra4 f6 45. Kf3 a5 46. Ke3 Re7+ 47. Kd4 Kxf4 48. Kd5 Kg3 49. Ra3+ Kg2 50. Kc6 Re6+ 51. Kd5 Re5+ 52. Kc6 f5 53. Kxb6 f4 54. Rd3 f3 55. Rd8 Rf5 56. c5 f2 57. Rd2 Kxh3 58. Rd3+ Kg2 59. Rd2 Kg1 60. Rd1+ f1=Q 61. Rxf1+ Kxf1 62. c6 h4 63. c7 Rf8 64. a4 h3 0-1

[Event "Turkish-ch Youth U17 2024"]
[Site "Belek Antalya"]
[Date "2024.01.25"]
[Round "7"]
[White "Dincer, Cagla"]
[Black "Kayis, Merve"]
[Result "0-1"]
[ECO "C28"]
[WhiteElo "1367"]
[BlackElo "1510"]
[Annotator "NA RC COMBH"]
[PlyCount "116"]
[EventDate "2024.01.21"]
[EventType "swiss"]
[EventCountry "TUR"]
[SourceTitle "playchess.com"]
[Source "ChessBase"]
[SourceQuality "1"]
[TimeControl "5400+30"]

1. e4 e5 2. Nc3 Nc6 3. Bc4 Nf6 4. d3 Na5 5. a3 Nxc4 6. dxc4 Be7 7. Qd3 O-O 8. h3 d6 9. Be3 c6 10. O-O-O Nh5 11. Nge2 f5 12. exf5 Bxf5 13. Qd2 Be6 14. g4 Nf4 15. Bxf4 exf4 16. Qd3 Bf6 17. Nd4 Bf7 18. Ne4 Bxd4 19. Qxd4 d5 20. cxd5 Bxd5 21. Rhe1 Qh4 22. Rd2 Qxh3 23. g5 Rfe8 24. Rde2 Bxe4 25. Rxe4 Rxe4 26. Qxe4 Qd7 27. Qxf4 Rf8 28. Qe3 b6 29. Re2 c5 30. Qe4 Rd8 31. Qe6+ Qxe6 32. Rxe6 Kf7 33. Re4 Rd7 34. c3 Kg6 35. Re5 Rf7 36. b4 cxb4 37. axb4 Rxf2 38. Re7 Rf7 39. Re5 Rf5 40. Re7 a5 41. Re6+ Kxg5 42. Rxb6 axb4 43. cxb4 h5 44. b5 h4 45. Rb8 h3 46. Rh8 Kg4 47. b6 Rb5 48. Rh7 g5 49. b7 Kg3 50. Rh5 Rxb7 51. Rxg5+ Kh2 52. Kd1 Rb2 53. Ke1 Rg2 54. Rf5 Kg3 55. Rf8 Rg1+ 56. Ke2 h2 57. Rg8+ Kf4 58. Rf8+ Ke5 0-1

[Event "Turkish-ch Youth U17 2024"]
[Site "Belek Antalya"]
[Date "2024.01.25"]
[Round "7"]
[White "Cetin, Defne"]
[Black "Akin, Duru"]
[Result "0-1"]
[ECO "B51"]
[WhiteElo "1350"]
[BlackElo "1474"]
[Annotator "NA RC COMBH"]
[PlyCount "122"]
[EventDate "2024.01.21"]
[EventType "swiss"]
[EventCountry "TUR"]
[SourceTitle "playchess.com"]
[Source "ChessBase"]
[SourceQuality "1"]
[TimeControl "5400+30"]

1. e4 c5 2. Nf3 d6 3. Bb5+ Nd7 4. O-O a6 5. Bxd7+ Bxd7 6. d4 cxd4 7. Nxd4 Nf6 8. Qe2 e5 9. Nf3 Rc8 10. Nc3 h6 11. Rd1 Qc7 12. Nd2 b5 13. a3 Be7 14. Nf1 O-O 15. Ne3 Be6 16. f3 Rfd8 17. Kh1 Bf8 18. Ned5 Bxd5 19. exd5 Qb7 20. Be3 Rc4 21. a4 Qc8 22. axb5 axb5 23. Nxb5 Rxc2 24. Rd2 Rxd2 25. Qxd2 Qb7 26. Nc3 Rb8 27. Ra2 Qb3 28. Qd3 Rb4 29. h3 e4 30. fxe4 Nxe4 31. Ra3 Qxb2 32. Nxe4 Rxe4 33. Qxe4 Qxa3 34. Kh2 Qa8 35. Bf4 Qd8 36. Qf3 Be7 37. Qg3 Kh7 38. Qd3+ g6 39. Qe3 Bg5 40. g3 Bxf4 41. Qxf4 Qe7 42. h4 Kg7 43. Qd4+ Qf6 44. Qd2 Qe5 45. Kg2 g5 46. hxg5 hxg5 47. g4 Qe4+ 48. Kg3 Kg6 49. Qd1 f5 50. gxf5+ Kxf5 51. Qb3 Ke5 52. Qb7 Qxd5 53. Qg7+ Ke4 54. Qh7+ Ke3 55. Qa7+ Qd4 56. Qa3+ Qd3 57. Qa7+ Ke4+ 58. Kg2 Qe2+ 59. Kh1 Kf3 60. Qf7+ Kg3 61. Qf2+ Kxf2 0-1

[Event "Turkish-ch Youth U17 2024"]
[Site "Belek Antalya"]
[Date "2024.01.26"]
[Round "8"]
[White "Tarhan, Adar"]
[Black "Kilic, Eray"]
[Result "1/2-1/2"]
[ECO "B48"]
[WhiteElo "2420"]
[BlackElo "2452"]
[Annotator "TA"]
[PlyCount "47"]
[EventDate "2024.01.21"]
[EventType "swiss"]
[EventCountry "TUR"]
[SourceTitle "playchess.com"]
[Source "ChessBase"]
[SourceQuality "1"]
[TimeControl "5400+30"]

1. e4 c5 2. Nf3 e6 3. d4 cxd4 4. Nxd4 Nc6 5. Nc3 Qc7 6. Be3 a6 7. Qf3 Nf6 8. O-O-O Ne5 9. Qg3 {[%emt 0:00:30] Weiß hat minimalen Vorteil.} b5 10. Bxb5 axb5 {[%emt 0:00:30] Die Stellung ist ausgeglichen.} 11. Ndxb5 Qb8 {[%emt 0:00:30][%cal Of6e4] [#] Weiss muss nun ...Nxe4! beachten.} 12. Bf4 $1 d6 13. Rxd6 Nh5 $1 (13... Bxd6 14. Nxd6+ (14. Qxg7 $2 {verliert.} Nd3+ 15. Kb1 Nxf4 $19) 14... Qxd6 15. Bxe5 $14) 14. Qg5 Bxd6 15. Nxd6+ Qxd6 16. Bxe5 Ra5 $1 17. Nd5 Qd7 18. Bxg7 Rg8 19. Qxh5 exd5 (19... Rxg7 $2 20. Nf6+ Ke7 21. Qxa5 $18) 20. Qxh7 Rxg7 21. Qxg7 {[%emt 0:01:30] [#] Droht Qh8+ und aus.} Rxa2 {[%emt 0:00:00] ...Ra1+ ist eine echte Drohung.} 22. Qh8+ Ke7 {[%emt 0:00:00] Droht stark ...Ra1+.} 23. Qe5+ Kf8 {[%emt 0:00:30] Und jetzt ...Ra1+ wäre schön.} 24. Qh8+ {[%emt 0:00:00] Nicht viel passiert in dieser Partie.   Gewichteter Fehlerwert: Weiß=0.04 (makellos) /Schwarz=0.01 (makellos) .  Ungenau:       	Weiß=1     	---        OK:         	Weiß=10    	Schwarz=8     Bester:       	---       	Schwarz=3     Stark:        	Weiß=1     	Schwarz=2} (24. Qxd5 $2 {zu gefräßig.} Ra1+ (24... Qxd5 $2 25. exd5 Ra1+ 26. Kd2 $19) 25. Kd2 Rxh1 $19 (25... Qxd5+ $2 26. exd5 Rxh1 27. Ke2 $19)) 1/2-1/2

[Event "Turkish-ch Youth U17 2024"]
[Site "Belek Antalya"]
[Date "2024.01.26"]
[Round "8"]
[White "Saridag, Omer Melih"]
[Black "Portakalci, Yusuf"]
[Result "0-1"]
[ECO "D36"]
[WhiteElo "2002"]
[BlackElo "1951"]
[Annotator "NA RC"]
[PlyCount "88"]
[EventDate "2024.01.21"]
[EventType "swiss"]
[EventCountry "TUR"]
[SourceTitle "playchess.com"]
[Source "ChessBase"]
[SourceQuality "1"]
[TimeControl "5400+30"]

1. d4 Nf6 2. c4 e6 3. Nf3 d5 4. Nc3 Be7 5. cxd5 exd5 6. Bg5 c6 7. e3 Nbd7 8. Bd3 O-O 9. Qc2 Re8 10. O-O Nf8 11. Rab1 g6 12. b4 Ne6 13. Bh4 a6 {[%emt 0:18:30] D36: Queen's Gambit Declined: Exchange Variation: Main line (5 Bg5 c6 6 Qc2).} 14. a4 a5 15. b5 Nd7 (15... c5 $14) 16. Bg3 Nf6 {[%emt 0:01:52] [#]} (16... Bf6 $16 17. Rfc1 h5) 17. bxc6 $1 bxc6 18. Ne5 Bd7 19. Na2 Rc8 ({Black should play} 19... c5 $14) 20. Ba6 Ra8 (20... Rc7 $16 {war nötig.}) 21. Bb7 Ra7 22. Bxc6 $18 ({Jedoch nicht} 22. Nxc6 Bxc6 23. Bxc6 Rf8) 22... Qc8 23. Rfc1 Ba3 24. Bxd7 Qxc2 25. Rxc2 Nxd7 26. Nc6 Ra6 27. Rc3 Bf8 28. Rb5 Rxc6 29. Rxc6 Nxd4 30. Ra6 Nxb5 31. axb5 d4 32. Kf1 dxe3 33. fxe3 Rxe3 34. Rxa5 Rb3 35. Ke2 Nb6 36. Nc1 Rb2+ 37. Kf3 Nc4 38. Ra4 Nd2+ 39. Kg4 Rxb5 40. Bf4 f5+ 41. Kg3 Ne4+ 42. Kf3 g5 43. Be3 g4+ 44. Ke2 Nc3+ 0-1